 Dungeon Crawl Stone Soup version 0.19.0-22-gd96e5fe (webtiles) character file.

8206 Monkfish the Unseen (level 11, -1/67 HPs)
             Began as a Kobold Berserker on Nov 19, 2016.
             Was an Elder of Trog.
             Slain by a black mamba (9 damage)
             ... on level 1 of the Lair of Beasts.
             The game lasted 00:13:12 (9212 turns).

Monkfish the Unseen (Kobold Berserker)              Turns: 9212, Time: 00:13:13

Health: -1/67      AC:  7    Str: 18    XL:     11   Next: 51%
Magic:  11/11      EV: 19    Int:  8    God:    Trog [****..]
Gold:   332        SH:  0    Dex: 15    Spells: 0 memorised, 10 levels left

rFire  . . .     SeeInvis .     l - +3 dagger (venom)
rCold  . . .     Gourm    .     x - +2 leather armour {rPois}
rNeg   + . .     Faith    .     (shield restricted)
rPois  +         Spirit   .     g - +0 hat
rElec  .         Reflect  .     i - +0 cloak
rCorr  .         Harm     +     y - +0 pair of gloves
MR     .....                    (no boots)
Stlth  ++++++....               E - amulet of harm
                                (no ring)
                                u - ring of positive energy

@: no status effects
A: carnivore 3
a: Berserk, Trog's Hand, Brothers in Arms, Burn Spellbooks, Renounce Religion


You were on level 1 of the Lair of Beasts.
You worshipped Trog.
Trog was greatly pleased with you.
You were not hungry.

You visited 2 branches of the dungeon, and saw 12 of its levels.

You collected 578 gold pieces.
You spent 246 gold pieces at shops.

Inventory:

Hand Weapons
 l - a +3 dagger of venom (weapon)
Armour
 g - a +0 hat (worn)
 i - a +0 cloak (worn)
 x - a +2 leather armour of poison resistance (worn)
 y - a +0 pair of gloves (worn)
Jewellery
 n - an uncursed ring of poison resistance
 u - a ring of positive energy (left hand)
 E - an amulet of harm (around neck)
Wands
 b - a wand of lightning (15/15)
 f - a wand of confusion (20/48)
 v - a wand of heal wounds (4/9)
 C - a wand of iceblast (9/15)
Scrolls
 e - 7 scrolls of remove curse
 s - 2 scrolls of teleportation
 t - 2 scrolls of fear
 z - 2 scrolls of blinking
Potions
 a - a potion of cancellation
 d - 4 potions of curing
 k - a potion of heal wounds
 m - 4 potions of haste
 o - a potion of flight
 p - a potion of agility
 A - 2 potions of might
 B - a potion of cure mutation
Comestibles
 c - 6 meat rations
 j - 4 beef jerkies
 q - a slice of pizza
 r - 4 royal jellies


   Skills:
 + Level 7.5 Fighting
 + Level 10.9 Short Blades
 - Level 1.5 Armour
 + Level 7.9 Dodging
 * Level 16.4 Stealth
 + Level 1.0 Evocations


You had 10 spell levels left.
You didn't know any spells.

Dungeon Overview and Level Annotations

Branches:
Dungeon (11/15)            Temple (0/1) D:4            Lair (1/6) D:9
    Orc: D:9-12

Altars:
Dithmenos
Gozag
Makhleb
Qazlal
Sif Muna
Xom

Shops:
D:2 *   D:7 ?   D:8 [   D:9 ?


Innate Abilities, Weirdness & Mutations

You are small and have problems with some larger weapons.
You are carnivorous and can eat meat at any time.


Message History

You barely miss the black mamba.
The black mamba is heavily wounded.
The black mamba barely misses you.
You miss the black mamba.
The black mamba is heavily wounded.
The black mamba completely misses you.
You closely miss the black mamba.
The black mamba is heavily wounded.
You hit the black mamba but do no damage.
The black mamba is heavily wounded.
The black mamba bites you!
You miss the black mamba.
The black mamba is heavily wounded.
The black mamba bites you!
* * * LOW HITPOINT WARNING * * *
You hit the black mamba.
The black mamba looks as sick as possible!
The black mamba is heavily wounded.
The black mamba bites you!
You die...

.## ..# #.P ###.# ##
...#P.# .# ..#..# #..
#S..# ..P#####@.#
....#....P# ........###
........# ##P
##...#P.## )...
##..###..# ...##
.#.#....#.## ## .P..##
.#..#..#.## #.#
.#...##...###....##..##


You could see a black mamba.

Vanquished Creatures
  A hydra (Lair:1)
  The ghost of Duskembrace the Brawler, a novice TrMo of Okawaru (D:10)
  2 hill giants (D:10)
  A cyclops (D:11)
  A spiny frog (Lair:1)
  2 hippogriffs
  A spriggan (D:7)
  6 yaks (Lair:1)
  A spriggan (shapeshifter) (D:10)
  The ghost of vev the Chopper, an amateur HOGl (D:3)
  A wyvern (D:9)
  A porcupine (Lair:1)
  2 orc warriors
  A phantom (D:7)
  A black bear (D:4)
  An ice beast (D:7)
  3 ogres
  2 wolves (Lair:1)
  2 centaurs (D:6)
  Blork the orc (D:6)
  6 bullfrogs
  3 scorpions
  9 killer bees
  2 howler monkeys (D:5)
  3 crimson imps
  A bullfrog zombie (D:5)
  2 jellies
  A quasit (D:10)
  4 hounds
  4 orc priests
  2 bullfrog skeletons
  A centaur skeleton (D:5)
  6 orc wizards
  4 iguanas
  2 hell rats (Lair:1)
  5 worker ants
  A hound zombie (D:5)
  A howler monkey zombie (D:7)
  4 gnolls (D:3)
  11 adders
  2 river rats (Lair:1)
  An adder skeleton (D:9)
  5 worms
  4 dart slugs
  2 leopard geckos
  40 orcs
  2 ball pythons
  4 giant cockroaches
  10 goblins
  8 hobgoblins
  7 jackals
  12 kobolds
  2 quokkas
  5 bats
  8 frilled lizards
  2 leopard gecko skeletons
  12 rats
230 creatures vanquished.

Vanquished Creatures (collateral kills)
  A fungus (Lair:1)
1 creature vanquished.

Vanquished Creatures (others)
  4 fungi (D:5)
  5 toadstools (D:1)
9 creatures vanquished.

Grand Total: 240 creatures vanquished

Notes
Turn   | Place    | Note
-------+----------+-------------------------------------------
     0 | D:1      | Monkfish the Kobold Berserker began the quest for the Orb.
     0 | D:1      | Reached XP level 1. HP: 14/14 MP: 1/1
    73 | D:1      | Reached XP level 2. HP: 14/19 MP: 2/2
   219 | D:1      | Reached skill level 1 in Stealth
   263 | D:1      | Reached XP level 3. HP: 11/24 MP: 3/3
   706 | D:2      | Reached ** piety under Trog
   807 | D:2      | Found a shadowy altar of Dithmenos.
   835 | D:2      | Reached XP level 4. HP: 29/29 MP: 4/4
   971 | D:2      | Found an opulent altar of Gozag.
   991 | D:2      | Found Gozag's Platinum Reserve.
  1241 | D:2      | Reached skill level 2 in Stealth
  1433 | D:3      | Reached skill level 5 in Short Blades
  1501 | D:3      | Noticed vev's ghost (amateur HOGl)
  1514 | D:3      | Killed vev's ghost
  1514 | D:3      | Reached skill level 4 in Stealth
  1514 | D:3      | Reached XP level 5. HP: 21/33 MP: 5/5
  1514 | D:3      | Reached XP level 6. HP: 25/38 MP: 6/6
  1829 | D:3      | Found a burning altar of Makhleb.
  1829 | D:3      | Noticed an Executioner
  1834 | D:3      | Noticed a ynoxinul
  1834 | D:3      | Noticed an orange demon
  1962 | D:3      | Reached *** piety under Trog
  2233 | D:3      | Reached skill level 5 in Stealth
  2540 | D:4      | Found a shimmering altar of Xom.
  3018 | D:4      | Found a staircase to the Ecumenical Temple.
  3098 | D:4      | Noticed an ogre
  3109 | D:4      | Killed an ogre
  3109 | D:4      | Reached XP level 7. HP: 44/44 MP: 7/7
  3160 | D:4      | Reached skill level 6 in Stealth
  3375 | D:4      | Gained mutation: You are agile. (Dex +2) [potion of mutation]
  3375 | D:4      | Gained mutation: You have a pair of small antennae on your head. [potion of mutation]
  3375 | D:4      | Gained mutation: Scrolls take you a little longer to read. [potion of mutation]
  3433 | D:5      | Entered Level 5 of the Dungeon
  3794 | D:5      | Reached XP level 8. HP: 46/48 MP: 8/8
  3855 | D:5      | Reached skill level 7 in Stealth
  4173 | D:5      | Found a faded altar of an unknown god.
  4173 | D:5      | Found a deep blue altar of Sif Muna.
  4179 | D:5      | Found a stormy altar of Qazlal.
  4182 | D:5      | Found a faded altar of an unknown god.
  4185 | D:5      | Found a faded altar of an unknown god.
  4390 | D:6      | Noticed Blork the orc
  4401 | D:6      | Killed Blork the orc
  4401 | D:6      | Reached skill level 5 in Fighting
  4513 | D:6      | Reached skill level 8 in Stealth
  4533 | D:6      | Reached skill level 5 in Dodging
  4630 | D:6      | Reached XP level 9. HP: 54/54 MP: 9/9
  4659 | D:6      | Reached skill level 9 in Stealth
  5310 | D:7      | Noticed a hippogriff
  5323 | D:7      | Killed a hippogriff
  5323 | D:7      | Reached skill level 10 in Stealth
  5483 | D:7      | Found Ygyimmia's Magic Scroll Shoppe.
  5606 | D:7      | Reached **** piety under Trog
  5631 | D:7      | Reached skill level 11 in Stealth
  6158 | D:8      | Found Isyecwa's Armour Shoppe.
  6161 | D:8      | Bought a +2 leather armour of poison resistance for 192 gold pieces
  6161 | D:8      | Bought a +0 pair of gloves for 54 gold pieces
  6189 | D:8      | Reached skill level 10 in Short Blades
  6189 | D:8      | Reached XP level 10. HP: 60/60 MP: 10/10
  6363 | D:8      | Reached skill level 12 in Stealth
  6710 | D:8      | Lost mutation: You are agile. (Dex +2) [potion of cure mutation]
  6710 | D:8      | Lost mutation: Scrolls take you a little longer to read. [potion of cure mutation]
  6710 | D:8      | Lost mutation: You have a pair of small antennae on your head. [potion of cure mutation]
  7025 | D:9      | HP: 3/91 [acid (7)]
  7417 | D:9      | Found a staircase to the Lair.
  7456 | D:9      | Found Ynymp's Magic Scroll Boutique.
  7651 | D:10     | Entered Level 10 of the Dungeon
  7720 | D:10     | Noticed Duskembrace's ghost (novice TrMo)
  7737 | D:10     | Killed Duskembrace's ghost
  7737 | D:10     | Reached skill level 13 in Stealth
  7946 | D:10     | Reached skill level 14 in Stealth
  8081 | D:10     | Noticed a hill giant
  8084 | D:10     | Killed a hill giant
  8221 | D:10     | Noticed a hill giant
  8241 | D:10     | Killed a hill giant
  8241 | D:10     | Reached XP level 11. HP: 19/67 MP: 11/11
  8347 | D:11     | Noticed a cyclops
  8354 | D:11     | Killed a cyclops
  8354 | D:11     | Reached ***** piety under Trog
  8354 | D:11     | Reached skill level 15 in Stealth
  8408 | Lair:1   | Entered Level 1 of the Lair of Beasts
  8414 | Lair:1   | Found a stormy altar of Qazlal.
  9077 | Lair:1   | Noticed a four-headed hydra
  9080 | Lair:1   | Reached skill level 16 in Stealth
  9091 | Lair:1   | Killed a four-headed hydra
  9091 | Lair:1   | Reached skill level 1 in Evocations
  9212 | Lair:1   | Slain by a black mamba

Skill      XL: |  1  2  3  4  5  6  7  8  9 10 11 |
---------------+----------------------------------+-----
Stealth        | 1 4 5 6 8 11 14 16 | 16.4
Dodging        | 3 4 5 7 |  7.9
Fighting       | 4 5 6 7 |  7.5
Short Blades   | 5 6 7 8 10 | 10.9
Evocations     | 1 |  1.0
Armour         | |  1.5

Action                   |  1- 3 |  4- 6 |  7- 9 | 10-12 || total
-------------------------+-------+-------+-------+-------++-------
Melee: Short sword       |    93 |    59 |       |       ||   152
       Dagger            |       |   107 |   293 |   360 ||   760
Invok: Berserk           |       |     4 |     5 |     4 ||    13
       Trog's Hand       |       |     1 |     2 |     6 ||     9
Evoke: Wand              |       |       |       |     4 ||     4
  Use: Scroll            |     3 |     5 |    13 |     9 ||    30
       Potion            |     2 |       |     3 |     4 ||     9
 Stab: Sleeping          |     3 |    10 |    20 |    17 ||    50
       Distracted        |       |     1 |     2 |     1 ||     4
  Eat: Chunk             |     7 |    10 |    17 |     6 ||    40
       Meat ration       |       |       |       |     1 ||     1
Armor: Animal skin       |    14 |     3 |       |       ||    17
       Leather armour    |       |     1 |    19 |    37 ||    57
Dodge: Dodged            |    61 |    79 |   136 |   196 ||   472
